[Event "Late-Titled-Tuesday-Blitz-March-26-2024"]
[Site "Chess.com"]
[Date "2024.03.26"]
[Round "2"]
[White "stasOR4ik"]
[Black "MikeSailer"]
[Result "1-0"]
[WhiteElo "2440"]
[BlackElo "2089"]
[TimeControl "180+1"]
[EndTime "14:16:26 PDT"]
[Termination "stasOR4ik won on time"]

1. e4 d5 2. exd5 Qxd5 3. Nf3 Bg4 4. Be2 Nc6 5. h3 Bh5 6. Nc3 Qd7 7. d3 O-O-O 8. a3 e5 9. b4 Bd6 10. b5 Bxf3 11. Bxf3 Nd4 12. a4 f5 13. Be3 Bb4 14. Bd2 Nf6 15. O-O Rhg8 16. a5 g5 17.
b6 a6 18. bxc7 Qxc7 19. Rb1 Nxf3+ 20. Qxf3 Bxc3 21. Bxc3 Nd7 22. Rb4 e4 23. Qxf5 Qxc3 24. Rc4+ Qxc4 25. dxc4 Kb8 26. Rd1 1-0

[Event "Late-Titled-Tuesday-Blitz-March-26-2024"]
[Site "Chess.com"]
[Date "2024.03.26"]
[Round "2"]
[White "BlueWizzard"]
[Black "SahibSinghKnight"]
[Result "1-0"]
[WhiteElo "2880"]
[BlackElo "2590"]
[TimeControl "180+1"]
[EndTime "14:16:27 PDT"]
[Termination "BlueWizzard won by resignation"]

1. d4 d5 2. Nc3 e6 3. Nf3 Nf6 4. Bg5 Be7 5. Bxf6 Bxf6 6. e4 dxe4 7. Nxe4 Be7 8. Qd3 Nd7 9. O-O-O Nf6 10. Kb1 O-O 11. Nxf6+ Bxf6 12. h4 h6 13. g4 Be7 14.
g5 h5 15. g6 Qd5 16. Rg1 f6 17. Qe3 e5 18. Be2 e4 19. Nd2 Re8 20. Bc4 1-0

[Event "Late-Titled-Tuesday-Blitz-March-26-2024"]
[Site "Chess.com"]
[Date "2024.03.26"]
[Round "2"]
[White "MariusBieliauskas"]
[Black "Ykow"]
[Result "1-0"]
[WhiteElo "2331"]
[BlackElo "2505"]
[TimeControl "180+1"]
[EndTime "14:16:27 PDT"]
[Termination "MariusBieliauskas won by resignation"]

1. d4 d5 2. c4 e5 3. dxe5 d4 4. Nf3 Nc6 5. g3 Bg4 6. Bg2 Qd7 7. O-O O-O-O 8. Qb3 h5 9. h4 Na5 10. Qb5 Qxb5 11.
cxb5 f6 12. exf6 Nxf6 13. Bf4 Bd6 14. Bxd6 Rxd6 15. Nbd2 Re8 16. b4 Rxe2 17. bxa5 Rd5 18. a4 d3 19. Rac1 a6 20. bxa6 bxa6 21. Rfe1 Rxa5 22. Bf1 Rxe1 23. Rxe1 Rxa4 24. Bxd3 Ra3 25. Be2 Nd5 26. Ne5 Bxe2 27. Rxe2 Ra1+ 28. Kg2 a5 29. Nb3 Ra3 30. Nc5 Nb4 31. Nc4 1-0

[Event "Late-Titled-Tuesday-Blitz-March-26-2024"]
[Site "Chess.com"]
[Date "2024.03.26"]
[Round "2"]
[White "Shankland"]
[Black "Oleg_Papayan"]
[Result "0-1"]
[WhiteElo "2909"]
[BlackElo "2625"]
[TimeControl "180+1"]
[EndTime "14:16:28 PDT"]
[Termination "Oleg_Papayan won by resignation"]

1. d4 d5 2. c4 dxc4 3. e3 Nf6 4. Bxc4 e6 5. Nf3 a6 6. O-O b5 7. Bd3 Bb7 8. a4 b4 9. Nbd2 Nbd7 10. e4 c5 11. e5 Nd5 12. Nc4 cxd4 13. Bg5 Qb8 14. Rc1 h6 15. Bh4 Nc5 16. Nxd4 Nf4 17. Bb1 Bxg2 18. Qg4 g5 19. Bg3 h5 20. Qd1 Bxf1 21.
Qxf1 Qb7 22. Nd6+ Bxd6 23. exd6 h4 24. Rxc5 hxg3 25. f3 Rxh2 26. Be4 Qb6 27. Qc4 Nh3+ 0-1

[Event "Late-Titled-Tuesday-Blitz-March-26-2024"]
[Site "Chess.com"]
[Date "2024.03.26"]
[Round "2"]
[White "KingCrusher275"]
[Black "AntonovaNadezhda"]
[Result "1-0"]
[WhiteElo "2473"]
[BlackElo "2210"]
[TimeControl "180+1"]
[EndTime "14:16:28 PDT"]
[Termination "KingCrusher275 won by resignation"]

1. d4 Nf6 2. c4 g6 3. Nc3 Bg7 4. e4 d6 5. Nf3 O-O 6. Be2 e5 7. O-O Nc6 8. d5 Ne7 9. b4 Nd7 10. a4 a5 11. Ba3 b6 12. Nb5 h6 13. bxa5 bxa5 14. Rc1 f5 15. Nd2 Nc5 16. f3 f4 17.
Nb3 Nxa4 18. c5 Nxc5 19. Nxc5 dxc5 20. Rxc5 Rf7 21. Nxc7 Ra7 22. d6 Kh7 23. dxe7 Qxd1 24. Rxd1 Rxe7 25. Nd5 Reb7 26. Rxc8 1-0

[Event "Late-Titled-Tuesday-Blitz-March-26-2024"]
[Site "Chess.com"]
[Date "2024.03.26"]
[Round "2"]
[White "inagreV"]
[Black "LikeWater"]
[Result "0-1"]
[WhiteElo "2396"]
[BlackElo "2712"]
[TimeControl "180+1"]
[EndTime "14:16:29 PDT"]
[Termination "LikeWater won by resignation"]

1. e4 Nf6 2. e5 Nd5 3. d4 d6 4.
Nf3 g6 5. exd6 cxd6 6. c4 Nb6 7. h3 Bg7 8. Nc3 O-O 9. Be2 e5 10. dxe5 dxe5 11. Qxd8 Rxd8 12. O-O Nc6 13. Bg5 f6 14. Be3 Be6 15. Bxb6 axb6 16. Nb5 e4 17. Ne1 Rd2 18. Nc7 Rxe2 19. Nxa8 Rxb2 20. Rc1 Nd4 21. Kh1 Bh6 22.
Rd1 Bxc4 23. Rxd4 Bxf1 24. Rxe4 Rb1 25. Kh2 f5 26. Re6 Bc4 27. Re5 Bf4+ 0-1

[Event "Late-Titled-Tuesday-Blitz-March-26-2024"]
[Site "Chess.com"]
[Date "2024.03.26"]
[Round "2"]
[White "mightysmasher"]
[Black "MetiForce"]
[Result "0-1"]
[WhiteElo "2605"]
[BlackElo "2903"]
[TimeControl "180+1"]
[EndTime "14:16:30 PDT"]
[Termination "MetiForce won by checkmate"]

1. e4 c6 2. d4 g6 3. Nf3 Bg7 4. c4 d5 5. cxd5 cxd5 6. e5 Bg4 7. Be2 Bxf3 8. Bxf3 e6 9. O-O Ne7 10. Nc3 O-O 11. Be3 Nbc6 12. Rc1 Nf5 13. Re1 Qb6 14.
b3 Ncxd4 15. Bxd4 Qxd4 16. Qxd4 Nxd4 17. Bg4 Rac8 18. Nxd5 Rxc1 19. Ne7+ Kh8 20. Rxc1 Bxe5 21. Nc8 h5 22. Bd1 Nc6 23. Bf3 Rxc8 24. b4 Rc7 25. b5 Nd4 26. Rxc7 Bxc7 27. Bxb7 Nxb5 28. a4 Nc3 29. Bc6 Kg7 30. Kf1 Kf6 31. Ke1 Ke7 32.
Kd2 Ba5 33. Kd3 h4 34. f3 g5 35. g3 Kd6 36. Be8 f5 37. Kc4 Nd5 38. Bh5 Bb6 39.
Kb5 Bg1 40. gxh4 gxh4 41. h3 Nf4 42. Be8 Nxh3 43. a5 Nf4 44. Ka6 h3 45. Kb7 h2 46.
Ka8 h1=Q 47. a6 Qh8 48. Kb7 Nd5 49. Bd7 Qd8 50. Bxe6 Qc7+ 51. Ka8 Nb6# 0-1

[Event "Late-Titled-Tuesday-Blitz-March-26-2024"]
[Site "Chess.com"]
[Date "2024.03.26"]
[Round "2"]
[White "Hikaru"]
[Black "bilelou"]
[Result "1-0"]
[WhiteElo "3276"]
[BlackElo "2701"]
[TimeControl "180+1"]
[EndTime "14:16:31 PDT"]
[Termination "Hikaru won by resignation"]

1. Nf3 Nf6 2. b3 d5 3. c4 d4 4. e3 Nc6 5. d3 e5 6. a3 a5 7. exd4 Nxd4 8. Nxd4 Qxd4 9. Ra2 Bc5 10. Be3 Qd6 11. Nc3 O-O 12. Nb5 Qb6 13. Bxc5 Qxc5 14. d4 exd4 15. Qxd4 Qg5 16. f4 Qg6 17. Bd3 Bf5 18.
Bxf5 Rfe8+ 19. Kf2 Qxf5 20. Rd1 Ne4+ 21. Kg1 Qxf4 22.
Re2 c5 23. Qe3 Qxe3+ 24. Rxe3 Nf6 25. Red3 h5 26. Nc7 1-0

[Event "Late-Titled-Tuesday-Blitz-March-26-2024"]
[Site "Chess.com"]
[Date "2024.03.26"]
[Round "2"]
[White "ural58"]
[Black "sacrifoice"]
[Result "1-0"]
[WhiteElo "2472"]
[BlackElo "2207"]
[TimeControl "180+1"]
[EndTime "14:16:31 PDT"]
[Termination "ural58 won by resignation"]

1. e4 c5 2. b3 Nc6 3. Bb2 d6 4. Bb5 Bd7 5. Ne2 Nf6 6. d3 g6 7. c4 Bg7 8. Nbc3 O-O 9. O-O a6 10. Bxc6 Bxc6 11. f4 b5 12. Qc2 Rb8 13. Ng3 Qd7 14.
Rae1 Rfe8 15. h3 bxc4 16. dxc4 Qb7 17. Nd5 Nxd5 18. exd5 Bd7 19. Bxg7 Kxg7 20. f5 a5 21.
h4 a4 22. fxg6 hxg6 23. h5 axb3 24. Qc3+ f6 25. Qd3 gxh5 26. Nxh5+ Kh6 27. Nxf6 exf6 28. Rxf6+ 1-0

[Event "Late-Titled-Tuesday-Blitz-March-26-2024"]
[Site "Chess.com"]
[Date "2024.03.26"]
[Round "2"]
[White "Airquake"]
[Black "Firouzja2003"]
[Result "0-1"]
[WhiteElo "2674"]
[BlackElo "3091"]
[TimeControl "180+1"]
[EndTime "14:16:32 PDT"]
[Termination "Firouzja2003 won by resignation"]

1. e4 c5 2. Nf3 d6 3. d4 cxd4 4. Nxd4 Nf6 5. Nc3 a6 6. g3 e6 7. Bg2 Be7 8. O-O O-O 9. Be3 Bd7 10. Qd2 Nc6 11. Rad1 Rc8 12. Nxc6 Bxc6 13. h3 b5 14. a3 Qc7 15. Rfe1 Qb7 16. Qd3 Rfd8 17. Bd4 a5 18. b4 axb4 19. axb4 Nd7 20. f4 Ne5 21. Qe2 Nc4 22. Qg4 g6 23. f5 exf5 24. exf5 Bxg2 25. fxg6 hxg6 26. Qf4 Ne5 0-1

[Event "Late-Titled-Tuesday-Blitz-March-26-2024"]
[Site "Chess.com"]
[Date "2024.03.26"]
[Round "2"]
[White "Kiborg95"]
[Black "DishonorOnYourCow"]
[Result "1-0"]
[WhiteElo "2785"]
[BlackElo "2536"]
[TimeControl "180+1"]
[EndTime "14:16:32 PDT"]
[Termination "Kiborg95 won on time"]

1. e4 c5 2. Nc3 d6 3. f4 g6 4. Nf3 Bg7 5. Bb5+ Bd7 6. Bc4 e6 7. f5 gxf5 8. d3 Nc6 9. O-O Nge7 10. Ng5 Ne5 11. Qh5 h6 12. Nxe6 Bxe6 13. Bxe6 Qb6 14. exf5 c4+ 15. Kh1 O-O 16. Bxc4 Nxc4 17. dxc4 Qc5 18. Bxh6 f6 19. Bxg7 Kxg7 20. Rae1 Rae8 21.
Re4 1-0

[Event "Late-Titled-Tuesday-Blitz-March-26-2024"]
[Site "Chess.com"]
[Date "2024.03.26"]
[Round "2"]
[White "dasatcu90"]
[Black "Klendi"]
[Result "1-0"]
[WhiteElo "2258"]
[BlackElo "2463"]
[TimeControl "180+1"]
[EndTime "14:16:34 PDT"]
[Termination "dasatcu90 won by checkmate"]

1. d4 d5 2. Nf3 Nf6 3. e3 c5 4. c4 cxd4 5. exd4 g6 6. c5 b6 7. cxb6 axb6 8. Nc3 Bg7 9. h3 O-O 10. Be3 Nc6 11. Be2 Na5 12. O-O Ba6 13. Ne5 Nc4 14.
Re1 Nxe3 15. fxe3 Ne4 16. Nxe4 dxe4 17. Nc6 Qd6 18. Rc1 Bxe2 19. Rxe2 Rxa2 20. Qb3 Rfa8 21. Rf2 Ra1 22. Qxf7+ Kh8 23. Rff1 Rxc1 24. Rxc1 Qg3 25. Qf2 Qd6 26. b4 Kg8 27. b5 Rf8 28. Qa2+ Kh8 29. Rf1 Rxf1+ 30. Kxf1 Bh6 31. Qf7 Bxe3 32. Qf8# 1-0

[Event "Late-Titled-Tuesday-Blitz-March-26-2024"]
[Site "Chess.com"]
[Date "2024.03.26"]
[Round "2"]
[White "stollenmonster"]
[Black "ahkashefi2800"]
[Result "1-0"]
[WhiteElo "2877"]
[BlackElo "2587"]
[TimeControl "180+1"]
[EndTime "14:16:39 PDT"]
[Termination "stollenmonster won by resignation"]

1. e4 c6 2. d4 d5 3. e5 Bf5 4. Ne2 e6 5. Ng3 Bg6 6. h4 h6 7.
h5 Bh7 8. Bd3 Bxd3 9. cxd3 Nd7 10. Be3 c5 11. dxc5 Bxc5 12. d4 Bb4+ 13. Nc3 Rc8 14.
Rc1 Ne7 15. Qg4 Qa5 16. O-O g6 17. Nce2 Rc6 18. a3 Bd2 19. b4 Qxa3 20. Bxd2 Qd3 21.
Be3 Nf5 22. hxg6 Nxe3 23. gxf7+ Kf8 24. fxe3 Qxe3+ 25. Kh2 h5 26. Qh4 Rxc1 27. Rxc1 Kxf7 28. Rc7 1-0

[Event "Late-Titled-Tuesday-Blitz-March-26-2024"]
[Site "Chess.com"]
[Date "2024.03.26"]
[Round "2"]
[White "EternalNight8"]
[Black "PetrolulSah"]
[Result "0-1"]
[WhiteElo "2462"]
[BlackElo "2235"]
[TimeControl "180+1"]
[EndTime "14:16:40 PDT"]
[Termination "PetrolulSah won by resignation"]

1. e4 e5 2. Nf3 Nf6 3. Nxe5 d6 4. Nf3 Nxe4 5. d4 Nf6 6. Bd3 d5 7. O-O Be7 8. Re1 O-O 9. Nbd2 c5 10. dxc5 Bxc5 11. Nb3 Bb6 12. Be3 Nc6 13. c3 Bg4 14. h3 Bh5 15. Bxb6 Qxb6 16. Be2 Ne4 17. Nfd4 Bxe2 18.
Qxe2 Rae8 19. Qc2 Ne5 20. Rad1 Qg6 21. f3 Ng3 22. Qxg6 Nxg6 23. Kf2 Nh5 24. g3 Nf6 25.
Nf5 h5 26. Rxe8 Rxe8 27. Ne3 h4 28. Nxd5 hxg3+ 29. Kxg3 Nh5+ 30. Kg4 Re5 31. f4 Rxd5 32. Rxd5 Nf6+ 33. Kf3 Nxd5 34. f5 Nge7 35. c4 Nb4 36.
a3 Nd3 37. Na5 b6 0-1

[Event "Late-Titled-Tuesday-Blitz-March-26-2024"]
[Site "Chess.com"]
[Date "2024.03.26"]
[Round "2"]
[White "maurovargas01"]
[Black "AsaHoffmann"]
[Result "0-1"]
[WhiteElo "1852"]
[BlackElo "2419"]
[TimeControl "180+1"]
[EndTime "14:16:40 PDT"]
[Termination "AsaHoffmann won by resignation"]

1. e4 d6 2. Nc3 c6 3. f3 g6 4.
Bc4 Bg7 5. Bb3 Na6 6. d4 e6 7. Nh3 d5 8. e5 Ne7 9. Nf2 c5 10. Ne2 Bd7 11. c3 Nc6 12. O-O O-O 13. f4 Rc8 14. Bc2 Qb6 15. Kh1 cxd4 16. cxd4 Ncb4 17.
Bb1 Bb5 18. a3 Nc6 19. Re1 Bxe2 20. Qxe2 Nxd4 21. Qg4 Nb3 22. Be3 d4 23. Ne4 dxe3 24.
Nf6+ Kh8 25. Qh4 h6 26. Be4 Nxa1 27. Rxa1 Qxb2 28. Rb1 Rc1+ 0-1

[Event "Late-Titled-Tuesday-Blitz-March-26-2024"]
[Site "Chess.com"]
[Date "2024.03.26"]
[Round "2"]
[White "XDPS"]
[Black "Mazetovic"]
[Result "1-0"]
[WhiteElo "2901"]
[BlackElo "2603"]
[TimeControl "180+1"]
[EndTime "14:16:49 PDT"]
[Termination "XDPS won by resignation"]

1. d4 Nf6 2. Nf3 g6 3. Bf4 Bg7 4. e3 d6 5. h3 b6 6. Bh2 O-O 7. Be2 Bb7 8. O-O Nbd7 9. a4 a6 10. c3 c5 11. Nbd2 Rc8 12. Qb3 Qc7 13. Rfd1 Qb8 14.
Bf1 Bd5 15. Qa3 Qb7 16. c4 Bxf3 17. Nxf3 Ne4 18. b4 a5 19. bxa5 bxa5 20. Rab1 Qa7 21. Rb5 Nb8 22. Qd3 f5 23. Rdb1 Nc6 24. Rb7 Qa8 25.
R1b5 cxd4 26. exd4 Nb4 27. Qb3 Rf7 28. c5 d5 29. Rb8 Rxb8 30. Rxb8+ Qxb8 31. Bxb8 e6 32. Be5 g5 33. Bxg7 Kxg7 34. Ne5 Rb7 35. c6 Rc7 36.
Bb5 h5 37. f3 Nd6 38. Qc3 f4 39. Qc5 Ne8 40. Nd7 1-0

[Event "Late-Titled-Tuesday-Blitz-March-26-2024"]
[Site "Chess.com"]
[Date "2024.03.26"]
[Round "2"]
[White "vladislavkovalev"]
[Black "ozates"]
[Result "1-0"]
[WhiteElo "2874"]
[BlackElo "2586"]
[TimeControl "180+1"]
[EndTime "14:16:50 PDT"]
[Termination "vladislavkovalev won by resignation"]

1. e4 c5 2. Nf3 Nc6 3. Bb5 g6 4.
Bxc6 bxc6 5. O-O Bg7 6. Re1 Nh6 7. c3 O-O 8. d4 cxd4 9. cxd4 d5 10. e5 Bg4 11. Nbd2 f6 12. h3 Bf5 13. Nb3 Be4 14. exf6 exf6 15. Nc5 Re8 16. Nd2 Bf5 17. Rxe8+ Qxe8 18.
Nf1 Nf7 19. Bf4 Be4 20. Qd2 g5 21. Bh2 Bg6 22. Re1 Qc8 23. g4 h6 24. Ng3 Nd6 25. b3 f5 26. Re6 f4 27. Rxg6 fxg3 28.
Bxg3 Ne8 29. Qe3 Qd7 30. Nxd7 1-0

[Event "Late-Titled-Tuesday-Blitz-March-26-2024"]
[Site "Chess.com"]
[Date "2024.03.26"]
[Round "2"]
[White "TanitoluwaAps116"]
[Black "vangulio"]
[Result "1-0"]
[WhiteElo "2823"]
[BlackElo "2553"]
[TimeControl "180+1"]
[EndTime "14:16:52 PDT"]
[Termination "TanitoluwaAps116 won by resignation"]

1. e4 c5 2. Nf3 d6 3. Bb5+ Nd7 4. c3 a6 5. Bd3 Ngf6 6. Bc2 e6 7.
d4 Be7 8. O-O O-O 9. Re1 b5 10. e5 dxe5 11. dxe5 Nd5 12. Qd3 g6 13. Bh6 Re8 14. Nbd2 c4 15. Qe4 Bb7 16. Qg4 Bf8 17. Bxf8 Rxf8 18. h4 Nc5 19. Rad1 Nd3 20. Bxd3 cxd3 21.
Ne4 Kg7 22. Rxd3 Qe7 23. h5 Rad8 24. Red1 Nb6 25. h6+ Kxh6 26. Nf6 Kg7 27. Qh4 Rh8 28. Nh5+ 1-0

[Event "Late-Titled-Tuesday-Blitz-March-26-2024"]
[Site "Chess.com"]
[Date "2024.03.26"]
[Round "2"]
[White "LeoWin2012"]
[Black "DeArron_Fox"]
[Result "0-1"]
[WhiteElo "2279"]
[BlackElo "2509"]
[TimeControl "180+1"]
[EndTime "14:16:54 PDT"]
[Termination "DeArron_Fox won by checkmate"]

1. d3 d5 2. e4 dxe4 3. Nc3 Nf6 4. Bg5 Bg4 5. Be2 Bxe2 6. Qxe2 exd3 7. cxd3 e6 8.
O-O-O Be7 9. d4 O-O 10. h4 Nc6 11. Nf3 Nd5 12. Ne4 a5 13. h5 h6 14. Bxe7 Qxe7 15. g4 a4 16. a3 b5 17. Qxb5 Na5 18. g5 Rfb8 19. Qd3 Rb3 20. Qc2 Rxf3 21. gxh6 gxh6 22. Rhg1+ Kh8 23. Qd2 Nb3+ 24. Kb1 Nxd2+ 25. Nxd2 Rxa3 26. bxa3 Qxa3 27. Rc1 Rb8+ 28. Kc2 Rb2+ 29. Kd1 Qd3 30. Rc2 Qxc2+ 31. Ke2 Qxd2+ 32. Kf3 Qxf2+ 33. Ke4 Qe3# 0-1

[Event "Late-Titled-Tuesday-Blitz-March-26-2024"]
[Site "Chess.com"]
[Date "2024.03.26"]
[Round "2"]
[White "salgadoLO"]
[Black "MusicCityMaster"]
[Result "0-1"]
[WhiteElo "2177"]
[BlackElo "2454"]
[TimeControl "180+1"]
[EndTime "14:16:55 PDT"]
[Termination "MusicCityMaster won by resignation"]

1. e4 e6 2. d4 d5 3. e5 c5 4. c3 Nc6 5. Nf3 Qb6 6. a3 Nh6 7. b4 cxd4 8. cxd4 Nf5 9. Be3 Bd7 10. Bd3 Nxe3 11. fxe3 Be7 12. O-O O-O 13. Nbd2 f6 14.
exf6 gxf6 15. Kh1 Kh8 16. Nb3 Rf7 17. Nc5 Bxc5 18. dxc5 Qc7 19. e4 d4 20. Bc4 Rg8 21.
Ra2 Rfg7 22. Qb3 Re8 23. Rd2 e5 24. Nh4 Qd8 25. Nf5 Bxf5 26. Rxf5 Rf8 27. Rd3 Ne7 28. Rh5 Ng6 29. Rg3 Qe7 30. Be6 Nf4 31. Rxg7 Qxg7 0-1

[Event "Late-Titled-Tuesday-Blitz-March-26-2024"]
[Site "Chess.com"]
[Date "2024.03.26"]
[Round "2"]
[White "KaydenTroffChess"]
[Black "prime-morty"]
[Result "1-0"]
[WhiteElo "2847"]
[BlackElo "2566"]
[TimeControl "180+1"]
[EndTime "14:16:58 PDT"]
[Termination "KaydenTroffChess won by resignation"]

1. d4 d5 2. Nf3 e6 3. Bf4 c5 4. e3 Nf6 5. Nc3 Bd6 6. dxc5 Bxc5 7. Ne5 O-O 8. Bd3 Nbd7 9. O-O Nxe5 10. Bxe5 Bd6 11. Bxd6 Qxd6 12. e4 d4 13. Nb5 Qc5 14. b4 Qxb4 15. e5 Nd5 16. Nxd4 Nc3 17. Qd2 Rd8 18. Ne2 Nxe2+ 19. Qxe2 b6 20. Rab1 Qd4 21.
Rfd1 Qh4 22. g3 Qg5 23. h4 Qe7 24. Qe4 g6 25. Qxa8 Bb7 26. Qxa7 Qd7 27. Qxb6 Bf3 28. Be2 1-0

[Event "Late-Titled-Tuesday-Blitz-March-26-2024"]
[Site "Chess.com"]
[Date "2024.03.26"]
[Round "2"]
[White "Nick12772"]
[Black "newyorkmouse"]
[Result "0-1"]
[WhiteElo "2403"]
[BlackElo "2700"]
[TimeControl "180+1"]
[EndTime "14:16:58 PDT"]
[Termination "newyorkmouse won by resignation"]

1. Nf3 Nc6 2. e4 f5 3. exf5 d5 4. d4 Bxf5 5. Bd3 Bxd3 6. Qxd3 Nf6 7. O-O Qd6 8. Nc3 O-O-O 9. Nb5 Qd7 10. Bf4 Ne8 11. Ne5 Nxe5 12. Bxe5 a6 13. Nc3 e6 14. Rfe1 Bd6 15. Qe2 Qf7 16. Bxd6 Rxd6 17. b4 g5 18. b5 a5 19. b6 Rxb6 20. Rab1 Rc6 21. Nb5 Kd7 22. c4 Rxc4 23. Rbc1 Rxc1 24. Rxc1 c6 25.
Nc3 Nd6 26. Na4 Rf8 27. Nc5+ Ke7 28. f3 Qg6 29. Re1 Rf6 30. Nd3 Nb5 31. Ne5 Qf5 32.
Qd2 Qf4 33. Qxa5 Qxd4+ 34. Kh1 Rh6 35. Qa8 Rxh2+ 36. Kxh2 Qh4+ 37. Kg1 Qxe1+ 38. Kh2 Qxe5+ 0-1

[Event "Late-Titled-Tuesday-Blitz-March-26-2024"]
[Site "Chess.com"]
[Date "2024.03.26"]
[Round "2"]
[White "andrzej"]
[Black "Sacbutt"]
[Result "1-0"]
[WhiteElo "2528"]
[BlackElo "2317"]
[TimeControl "180+1"]
[EndTime "14:16:58 PDT"]
[Termination "andrzej won by resignation"]

1. e4 c5 2. Nf3 d6 3. d4 cxd4 4.
Nxd4 Nf6 5. Nc3 a6 6. Be3 e5 7. Nb3 Be6 8. h3 h5 9. f4 Nc6 10. f5 Bxb3 11. axb3 Be7 12. Bc4 b5 13. Be2 O-O 14.
Bxh5 Nxh5 15. Qxh5 Bh4+ 16. Kf1 g6 17. Qg4 Kg7 18. Nd5 Nd4 19. Bxd4 exd4 20. Kg1 Qg5 21. Rd1 gxf5 22. exf5 Qxg4 23. hxg4 Bg3 24. Rxd4 Rfe8 25. Rd1 Re2 26. Rh3 Be5 27. Ne3 a5 28. Kf1 1-0

[Event "Late-Titled-Tuesday-Blitz-March-26-2024"]
[Site "Chess.com"]
[Date "2024.03.26"]
[Round "2"]
[White "TokChess"]
[Black "Beca95"]
[Result "0-1"]
[WhiteElo "2616"]
[BlackElo "2945"]
[TimeControl "180+1"]
[EndTime "14:17:01 PDT"]
[Termination "Beca95 won by resignation"]

1. c4 e6 2. Nf3 b6 3. g3 Bb7 4.
Bg2 c5 5. O-O Nf6 6. Nc3 a6 7.
b3 d6 8. Bb2 Be7 9. d4 cxd4 10.
Qxd4 Nbd7 11. Rfd1 Qc7 12. Rac1 O-O 13. Qe3 Rfd8 14. Nd4 Bxg2 15. Kxg2 Bf8 16. Kg1 Rac8 17. Nc2 Qb7 18. Qf3 Qb8 19. Nd4 Ne5 20. Qe3 Qb7 21. Nf3 Ned7 22. Ng5 b5 23. cxb5 axb5 24. Nce4 Nxe4 25.
Qxe4 Qxe4 26. Nxe4 d5 27. Nc3 b4 28. Na4 f5 29. Kf1 Kf7 30. e3 g5 31. Ke2 g4 32.
Rxc8 Rxc8 33. Rc1 Rxc1 34. Bxc1 Nf6 35. f3 gxf3+ 36. Kxf3 Ne4 37. h3 h5 38. Bb2 Bd6 39. g4 Ng5+ 40. Kg2 fxg4 41. hxg4 h4 42. Bd4 h3+ 43.
Kh1 Ne4 0-1

[Event "Late-Titled-Tuesday-Blitz-March-26-2024"]
[Site "Chess.com"]
[Date "2024.03.26"]
[Round "2"]
[White "reevecanada"]
[Black "FairChess_on_YouTube"]
[Result "0-1"]
[WhiteElo "2692"]
[BlackElo "3122"]
[TimeControl "180+1"]
[EndTime "14:17:03 PDT"]
[Termination "FairChess_on_YouTube won by checkmate"]

1. e4 c5 2. Nf3 e6 3. b3 b6 4. d4 cxd4 5. Nxd4 Bb7 6. Nd2 d6 7.
Bb2 Nf6 8. Bd3 Be7 9. Qe2 O-O 10. O-O-O Nbd7 11. Kb1 Nc5 12. g4 Nfd7 13. f4 Nxd3 14.
cxd3 Nc5 15. h4 a5 16. h5 a4 17. b4 a3 18. bxc5 bxc5 19. Bc3 cxd4 20. Bxd4 Ra4 21. Nb3 d5 22. g5 dxe4 23. dxe4 Qa8 24. Rhe1 Rb8 25.
h6 g6 26. Be5 Rxe4 27. Qc2 Rc8 28. Qd3 Bb4 29. Rf1 Rxe5 30. Qd4 Be4+ 31. Ka1 Bc3+ 32.
Qxc3 Rxc3 33. fxe5 Bd5 34. Rf2 Qb8 35. Re1 Kf8 36.
Ref1 Rf3 37. Rxf3 Qxe5+ 38. Kb1 Qb2# 0-1

[Event "Late-Titled-Tuesday-Blitz-March-26-2024"]
[Site "Chess.com"]
[Date "2024.03.26"]
[Round "2"]
[White "banane_verte"]
[Black "Nechitaylo_Nikita"]
[Result "1-0"]
[WhiteElo "2538"]
[BlackElo "2361"]
[TimeControl "180+1"]
[EndTime "14:17:06 PDT"]
[Termination "banane_verte won by resignation"]

1. e4 c5 2. Nf3 d6 3. d4 cxd4 4. Qxd4 Nc6 5. Bb5 Bd7 6. Bxc6 Bxc6 7. Nc3 Nf6 8. Bg5 e6 9. O-O-O Be7 10. Bxf6 Bxf6 11. Qxd6 Qxd6 12. Rxd6 Bxc3 13. bxc3 Bxe4 14. Ne5 O-O 15. f3 Bg6 16. Rd7 Rfc8 17. Rhd1 Rab8 18.
Kb2 Kf8 19. h4 b5 20. Rxa7 b4 21. c4 Ke8 22. Rdd7 Ra8 23. Re7+ Kf8 24. Nxg6+ fxg6 25. Rf7+ Ke8 26. Rxa8 Rxa8 27. Rxg7 Kf8 28. Rxh7 Ra3 29.
Rb7 Rc3 30. Rxb4 Re3 31. a4 Re5 32. Rb5 1-0

[Event "Late-Titled-Tuesday-Blitz-March-26-2024"]
[Site "Chess.com"]
[Date "2024.03.26"]
[Round "2"]
[White "AlexeiShirov"]
[Black "allvim"]
[Result "1-0"]
[WhiteElo "2819"]
[BlackElo "2399"]
[TimeControl "180+1"]
[EndTime "14:17:09 PDT"]
[Termination "AlexeiShirov won by checkmate"]

1. e4 c5 2. Nf3 d6 3. d4 cxd4 4.
Nxd4 Nf6 5. Nc3 a6 6. Be3 e5 7. Nb3 Be6 8. f3 Nbd7 9. Qd2 Qc7 10. g4 Be7 11. O-O-O b5 12. g5 Nh5 13. Nd5 Bxd5 14. exd5 Rc8 15. Kb1 Nb6 16. Na5 O-O 17. Bh3 Rce8 18.
Nc6 Nc4 19. Qd3 Nxe3 20. Qxe3 Nf4 21. Bf5 g6 22. Be4 Bxg5 23. h4 Bh6 24. h5 f5 25.
hxg6 Bg7 26. Rxh7 Nxg6 27. Qg5 Kxh7 28. Rh1+ Kg8 29. Qxg6 fxe4 30. Qh7+ Kf7 31. fxe4 Rh8 32.
Rf1# 1-0

[Event "Late-Titled-Tuesday-Blitz-March-26-2024"]
[Site "Chess.com"]
[Date "2024.03.26"]
[Round "2"]
[White "gxbg2000"]
[Black "cthulhuuu"]
[Result "0-1"]
[WhiteElo "2020"]
[BlackElo "2426"]
[TimeControl "180+1"]
[EndTime "14:17:11 PDT"]
[Termination "cthulhuuu won by resignation"]

1. e4 d6 2. Nf3 Nf6 3. d3 c5 4. Be2 g6 5. c3 Bg7 6. O-O O-O 7. Bg5 h6 8. Bxf6 Bxf6 9. Nbd2 Nc6 10. Qc2 b5 11. a3 a5 12. h3 Be6 13. Rfe1 b4 14. axb4 axb4 15. c4 Qc7 16. Nf1 Ra7 17. Ne3 Rfa8 18.
Rxa7 Qxa7 19. Nd5 Bxd5 20. exd5 Nd4 21. Nxd4 Bxd4 22. Bf1 Bf6 23. g3 Qa2 24. Rb1 Ra3 25. Qd1 Rb3 26. Ra1 Qxb2 27. Ra8+ Kg7 28. Qf3 Qd4 29.
h4 h5 30. Kg2 Rb2 31. Rb8 Qg4 32. Be2 Rxe2 0-1

[Event "Late-Titled-Tuesday-Blitz-March-26-2024"]
[Site "Chess.com"]
[Date "2024.03.26"]
[Round "2"]
[White "a-z30"]
[Black "TemploVillamarin"]
[Result "1-0"]
[WhiteElo "2467"]
[BlackElo "2180"]
[TimeControl "180+1"]
[EndTime "14:17:13 PDT"]
[Termination "a-z30 won by resignation"]

1. d3 d5 2. Nf3 c5 3. g3 Nc6 4.
Bg2 e5 5. O-O Bd6 6. c4 d4 7. e3 f6 8. exd4 cxd4 9. Re1 Nge7 10. a3 a5 11. Nbd2 O-O 12. Qc2 Bf5 13. Rb1 h5 14. c5 Bc7 15. Nc4 Nd5 16. Bd2 Bh7 17. b4 axb4 18. axb4 Qe8 19. b5 Nce7 20. Nd6 Bxd6 21.
cxd6 Nc8 22. Nxe5 fxe5 23. Bxd5+ Kh8 24. Bxb7 Rb8 25. Bc6 Qg6 26. Bb4 Nxd6 27. Rxe5 Rfd8 28. Bxd6 Rxd6 29. Be4 Qf6 30. Rxh5 g6 31. Rh4 Kg7 32. Rf4 Qe5 33. Qc7+ 1-0

[Event "Late-Titled-Tuesday-Blitz-March-26-2024"]
[Site "Chess.com"]
[Date "2024.03.26"]
[Round "2"]
[White "carokannlover213"]
[Black "Lady_Nika"]
[Result "1-0"]
[WhiteElo "2836"]
[BlackElo "2559"]
[TimeControl "180+1"]
[EndTime "14:17:15 PDT"]
[Termination "carokannlover213 won by resignation"]

1. c4 e6 2. Nf3 d5 3. g3 Nf6 4. Bg2 c6 5. O-O Be7 6. d4 O-O 7. Nbd2 Ne4 8. Qc2 f5 9. Ne1 Bf6 10. e3 b6 11. Nd3 Ba6 12. b3 Nd7 13. Re1 Rc8 14. Ba3 Re8 15. Rad1 g5 16. f3 Nxd2 17. Rxd2 Bg7 18. Bb2 Qc7 19. e4 dxe4 20. fxe4 c5 21.
exf5 exf5 22. Bd5+ Kh8 23. Ne5 Nxe5 24. dxe5 b5 25.
Qxf5 bxc4 26. bxc4 Qa5 27. Be4 Kg8 28. Bd5+ Kh8 29.
Be4 Kg8 30. Rf1 1-0